 Dungeon Crawl Stone Soup version 0.18-a0-1639-g7533f42 (webtiles) character file.

219 namelastname112 the Insei (level 5, -2/45 HPs)
             Began as a Draconian Monk on Mar 27, 2016.
             Slain by an adder (4 damage)
             ... on level 5 of the Dungeon.
             The game lasted 00:02:29 (1679 turns).

namelastname112 the Insei (Draconian Monk)          Turns: 1679, Time: 00:02:29

Health: -2/45      AC:  7    Str: 12 (14) XL:     5   Next: 63%
Magic:  5/5        EV: 13    Int: 13 (15) God:
Gold:   97         SH:  0    Dex: 13 (14) Spells: 0 memorised, 4 levels left

rFire  . . .     SeeInvis .       - Unarmed
rCold  . . .     Gourm    .     (armour unavailable)
rNeg   . . .     Faith    .     (no shield)
rPois  .         Spirit   .     (helmet restricted)
rElec  .         Dismiss  .     g - +1 cloak {+Inv}
rCorr  .         Reflect  .     (no gloves)
SustAt .         Harm     .     (no boots)
MR     .....                    (no amulet)
Stlth  +++.......               (no ring)
                                h - ring of stealth

@: brilliant, lethally poisoned (-2 -> -6), not resistant to hostile
enchantments, fairly stealthy
A: unfitting armour, cold-blooded, AC +5
a: Evoke Invisibility


You were on level 5 of the Dungeon.
You were hungry.

You visited 1 branch of the dungeon, and saw 5 of its levels.

You collected 97 gold pieces.

Inventory:

Armour
 g - a +1 cloak of invisibility (worn)
Jewellery
 h - a ring of stealth (left hand)
Scrolls
 b - 3 scrolls of remove curse {unknown}
 c - 4 scrolls of identify {unknown}
 f - a scroll of amnesia {unknown}
 j - a scroll of immolation {unknown}
 k - a scroll of enchant armour {unknown}
Potions
 e - a potion of brilliance
Comestibles
 a - 2 bread rations
 i - a meat ration


   Skills:
 - Level 3.2 Fighting
 - Level 2.6 Dodging
 - Level 1.7 Stealth
 + Level 7.0 Unarmed Combat


You had 4 spell levels left.
You didn't know any spells.

Dungeon Overview and Level Annotations

Branches:
Dungeon (5/15)
 Temple: D:4-7

Altars:

Annotations:
D:3 Grinder


Innate Abilities, Weirdness & Mutations

Your plain brown scales are hard (AC +5).
Your body does not fit into most forms of armour.
You are cold-blooded and may be slowed by cold attacks.


Message History

The giant cockroach zombie barely misses you.
You closely miss the adder.
The adder is severely wounded.
You feel sick. The adder bites you.
* * * LOW HITPOINT WARNING * * *
You are lethally poisoned!
The adder poisons you!
The giant cockroach zombie closely misses you.
Drink which item? (? for menu, Esc to quit)
It was a potion of brilliance.
You feel clever all of a sudden. The adder barely misses you.
The giant cockroach zombie bites you but does no damage.
Drink which item? (? for menu, Esc to quit)
It was a potion of degeneration.
There was something very wrong with that liquid.
You feel weakened.
You feel dopey.
You feel clumsy.
* * * LOW HITPOINT WARNING * * *
You feel sick. The adder closely misses you. The adder bites you.
You die...

########
#.@....#
#.ZS...#
#......#
+".....#
#......#
#........
#.........
##+#+##...


You could see an adder and a giant cockroach zombie.

Vanquished Creatures
  An ice beast (D:3)
  A scorpion (D:4)
  A gnoll (D:1)
  2 adders (D:2)
  An ooze (D:2)
  2 dart slugs (D:2)
  An orc (D:4)
  A giant cockroach (D:1)
  4 goblins
  3 hobgoblins
  9 kobolds
  A ball python (D:3)
  4 bats
  A giant newt (D:2)
  7 rats
39 creatures vanquished.

Notes
Turn   | Place    | Note
--------------------------------------------------------------
     0 | D:1      | namelastname112 the Draconian Monk began the quest for the Orb.
     0 | D:1      | Reached XP level 1. HP: 19/19 MP: 1/1
    69 | D:1      | crauler: что не так с ограми?
    94 | D:1      | crauler: дефенсы тонут?
    94 | D:1      | namelastname112: да бля
    94 | D:1      | namelastname112: у тебя вроде много хп
    94 | D:1      | namelastname112: но тебя все равно ебут в очко
   176 | D:1      | Reached XP level 2. HP: 26/26 MP: 2/2
   542 | D:1      | crauler: зато охуенное хп с охуенной аптой к файту и дубиной ты можешь уебать так что все офигеют
   695 | D:2      | Reached skill level 5 in Unarmed Combat
   695 | D:2      | Reached XP level 3. HP: 28/31 MP: 3/3
   825 | D:2      | crauler: броню в принципе тоже нормально набрать на ограх
   839 | D:2      | crauler: с ЭВ хуево
  1213 | D:2      | Reached XP level 4. HP: 38/38 MP: 4/4
  1291 | D:3      | namelastname112: поиграй осьминогом
  1291 | D:3      | namelastname112: они прикольные
  1295 | D:3      | Noticed an ice beast
  1312 | D:3      | Killed an ice beast
  1312 | D:3      | Reached skill level 6 in Unarmed Combat
  1312 | D:3      | Reached XP level 5. HP: 23/45 MP: 5/5
  1478 | D:3      | Noticed Grinder
  1509 | D:4      | Reached skill level 7 in Unarmed Combat
  1641 | D:4      | Noticed a sky beast
  1669 | D:5      | Entered Level 5 of the Dungeon
  1677 | D:5      | HP: 2/45 [adder (5)]
  1679 | D:5      | Slain by an adder

Vault maps used:
D:1:      dpeg_arrival_chambers_temple_mockup
D:3:      lemuel_zombie_altar_yredelemnul, xom_redecorated,
          nicolae_gozag_zags_fifth_avenue, uniq_grinder, uniq_sigmund,
          uniq_natasha
D:4:      okawaru_ov_weapons_minmay, first_bread, minivault_19
D:5:      kennysheep_mini

Skill      XL: |  1  2  3  4  5 |
---------------+----------------+-----
Unarmed Combat | 5 6 7 |  7.0
Fighting       | |  3.2
Dodging        | |  2.6
Stealth        | |  1.7

Action                   |  1- 3 |  4- 6 || total
-------------------------+-------+-------++-------
Melee: Unarmed           |   105 |    49 ||   154
  Use: Potion            |       |     2 ||     2
 Stab: Sleeping          |     5 |     1 ||     6
  Eat: Chunk             |       |     2 ||     2
